 Dungeon Crawl Stone Soup version 0.22-a0-605-g9281fa2 (webtiles) character file.

137 Hebeh the Firebug (level 5, -4/28 HPs)
             Began as a Deep Elf Fire Elementalist on July 8, 2018.
             Slain by a scorpion (7 damage)
             ... on level 4 of the Dungeon.
             The game lasted 00:10:32 (2767 turns).

Hebeh the Firebug (Deep Elf Fire Elementalist)      Turns: 2767, Time: 00:10:32

Health: -4/28      AC:  4    Str:  5    XL:     5   Next: 0%
Magic:  1/13       EV: 13    Int: 21    God:
Gold:   85         SH:  0    Dex: 15    Spells: 6/12 levels left

rFire    . . .     SeeInvis .   e - +0 short sword
rCold    . . .     Gourm    .   (no shield)
rNeg     . . .     Faith    .   a - +0 robe
rPois    .         Spirit   .   (no helmet)
rElec    .         Reflect  .   (no cloak)
rCorr    .         Harm     .   (no gloves)
MR       .....                  i - +1 pair of boots
Stlth    ++........             (no amulet)
HPRegen  0.09/turn              (no ring)
MPRegen  0.13/turn              (no ring)

@: lethally poisoned (-4 -> -5)
A: no striking features
a: no special abilities


You were on level 4 of the Dungeon.
You were not hungry.

You visited 1 branch of the dungeon, and saw 4 of its levels.

You collected 85 gold pieces.

Inventory:

Hand Weapons
 e - a +0 short sword (weapon)
Missiles
 o - 44 stones (quivered)
 t - 4 tomahawks
Armour
 a - a +0 robe (worn)
 i - a +1 pair of boots (worn)
Jewellery
 q - an uncursed amulet of faith {unknown}
 u - an uncursed ring of protection from fire {unknown}
Wands
 d - a wand of acid (9)
Scrolls
 h - 3 scrolls of remove curse {unknown}
 k - 2 scrolls of immolation {unknown}
 l - 2 scrolls of teleportation {unknown}
 r - a scroll of amnesia {unknown}
 s - 2 scrolls of enchant weapon {unknown}
 v - a scroll of identify {unknown}
 w - a scroll of fear {unknown}
 x - a scroll of enchant armour {unknown}
Potions
 b - 2 potions of curing {unknown}
 f - a potion of mutation {unknown}
 g - 2 potions of berserk rage {unknown}
 j - 2 potions of lignification {unknown}
 m - 2 potions of heal wounds {unknown}
 n - a potion of cancellation {unknown}
 p - a potion of agility {unknown}
Comestibles
 c - 10 rations


   Skills:
 - Level 2.5 Dodging
 + Level 3.0 Stealth
 * Level 4.3 Spellcasting
 * Level 2.8 Conjurations
 * Level 4.6 Fire Magic


You had 6 spell levels left.
You knew the following spells:

 Your Spells              Type           Power        Failure   Level  Hunger
a - Flame Tongue          Conj/Fire      ###..        2%          1    None
b - Throw Flame           Conj/Fire      ###...       3%          2    #......
c - Conjure Flame         Conj/Fire      ###.....     8%          3    ##.....

Your spell library contained the following spells:

 Spells                   Type           Power        Failure   Level  Hunger
 Fireball                 Conj/Fire      ###.......   56%         5    ######.
 Sticky Flame             Conj/Fire      ###.....     26%         4    ####...
 Inner Flame              Hex/Fire       ##......     14%         3    ##.....


Dungeon Overview and Level Annotations

Branches:
Dungeon (4/15)
 Temple: D:4-7

Altars:
Elyvilon
Hepliaklqana
Wu Jian
Yredelemnul


Message History

Here: a scorpion (lightly wounded)
The floor.
A scorpion is nearby!
Casting: Flame Tongue (safe; 2% risk of failure)
Confirm with . or Enter, or press ? or * to list all spells.
Aiming: Flame Tongue (safe; 2% risk of failure)
Press: ? - help, Shift-Dir - straight line, f/p - scorpion
Aim: a scorpion (lightly wounded)
The flame tongue hits the scorpion.
The scorpion is heavily wounded.
The scorpion completely misses you.
Casting: Flame Tongue (safe; 2% risk of failure)
Confirm with . or Enter, or press ? or * to list all spells.
Aiming: Flame Tongue (safe; 2% risk of failure)
Press: ? - help, Shift-Dir - straight line, f/p - scorpion
Aim: a scorpion (heavily wounded)
The flame tongue hits the scorpion.
The scorpion is severely wounded.
The scorpion stings you!
You die...

####......
#.........
#.##......
#.# ...?.
#.# ....
#.########
#.#.....#
#.#.....##
#.).s@...#
###).....#
#......#
######.# #.#
#.# #.# #.#
##########.#


You could see a scorpion.

Vanquished Creatures
  Natasha (D:3)
  A worker ant (D:4)
  2 adders
  2 oozes
  4 worms
  A dart slug (D:1)
  A leopard gecko (D:1)
  An orc (D:3)
  3 giant cockroaches (D:3)
  6 goblins
  A hobgoblin (D:2)
  2 jackals (D:2)
  2 ball pythons
  10 bats
  3 frilled lizards (D:1)
  8 kobolds
  4 rats
52 creatures vanquished.

Notes
Turn   | Place    | Note
-------+----------+-------------------------------------------
     0 | D:1      | Hebeh the Deep Elf Fire Elementalist began the quest for the Orb.
     0 | D:1      | Reached XP level 1. HP: 10/10 MP: 6/6
    64 | D:1      | Reached XP level 2. HP: 15/15 MP: 2/8
   558 | D:1      | Learned a level 2 spell: Throw Flame
  1210 | D:2      | Reached XP level 3. HP: 18/19 MP: 8/10
  1347 | D:2      | Found a white marble altar of Elyvilon.
  1944 | D:3      | Found a hazy altar of Hepliaklqana.
  2067 | D:3      | Reached XP level 4. HP: 24/24 MP: 1/11
  2153 | D:3      | Found an ornate altar of the Wu Jian Council.
  2532 | D:3      | Noticed Natasha
  2538 | D:3      | Learned a level 3 spell: Conjure Flame
  2541 | D:3      | Killed Natasha
  2736 | D:4      | Found a basalt altar of Yredelemnul.
  2740 | D:4      | Reached XP level 5. HP: 28/28 MP: 7/13
  2767 | D:4      | Slain by a scorpion

Vault maps used:
D:1:      co_arrival_square_in_a_square_in_a_square, roderic_lattice_a
D:2:      marbit_many_paths
D:3:      lemuel_doored_altar, lemuel_round_altar, first_ration, uniq_natasha
D:4:      overflow_temple_1_default

Skill      XL: |  1  2  3  4 |
---------------+-------------+-----
Fire Magic     | 4 |  4.6
Conjurations   | 2 |  2.8
Spellcasting   | 4 |  4.3
Stealth        | 3 |  3.0
Dodging        | |  2.5

Action                   |  1- 3 |  4- 6 || total
-------------------------+-------+-------++-------
Melee: Short sword       |     2 |     5 ||     7
 Cast: Flame Tongue      |    56 |    20 ||    76
       Throw Flame       |    15 |    15 ||    30
  Eat: Chunk             |     4 |     2 ||     6
Armor: Robe              |     7 |     1 ||     8
Dodge: Dodged            |    18 |    13 ||    31

Table legend:
 A = Spawn XP
 B = Non-spawn XP
 C = Spawn XP percentage of total XP
 D = Spawn monster count
 E = Non-spawn monster count
 F = Spawn count percentage of total count
 G = Total turns spent on level
                    A         B        C        D         E        F      G
               +---------+---------+-------+---------+---------+-------+---------
         Total |       0 |     197 |   0.0 |       0 |      52 |   0.0 |  2767
               +---------+---------+-------+---------+---------+-------+---------
           D:1 |       0 |      35 |   0.0 |       0 |      18 |   0.0 |  1198
           D:2 |       0 |      50 |   0.0 |       0 |      17 |   0.0 |   713
           D:3 |       0 |      79 |   0.0 |       0 |      16 |   0.0 |   766
           D:4 |       0 |      33 |   0.0 |       0 |       1 |   0.0 |    90
               +---------+---------+-------+---------+---------+-------+---------
